 Dungeon Crawl Stone Soup version 0.29.1-15-g9cfb28693d (webtiles) character file.

Game seed: 10307784152126891808

422 Eitelfritz the Magician (level 6, -6/54 (64) HPs)
             Began as a Demonspawn Fire Elementalist on Mar 9, 2023.
             Mangled by a necrophage (7 damage)
             ... on level 4 of the Dungeon.
             The game lasted 00:13:39 (4625 turns).

Eitelfritz the Magician (DsFE)                      Turns: 4625, Time: 00:13:40

HP:   -6/54 (64)    AC:  2    Str: 11    XL:     6   Next: 63%
MP:   1/11          EV: 12    Int: 16    God:
Gold: 270           SH:  0    Dex: 13    Spells: 3/12 levels left

rFire   . . .      SeeInvis .   a - +3 dagger (freeze)
rCold   . . .      Faith    .   (no shield)
rNeg    . . .      Spirit   .   e - +0 robe
rPois   .          Reflect  .   (helmet restricted)
rElec   .          Harm     .   (no cloak)
rCorr   .          Rampage  .   (no gloves)
Will    .....                   (no boots)
Stlth   ..........              (no amulet)
HPRegen 0.18/turn               (no ring)
MPRegen 0.12/turn               (no ring)

@: berserking, heavily drained, very quick
A: horns 2, powered by death 1, demonic magic 2
a: no special abilities


You were on level 4 of the Dungeon.
You visited 1 branch of the dungeon, and saw 4 of its levels.

You collected 270 gold pieces.

Inventory:

Hand Weapons
 a - a +3 dagger of freezing (weapon)
 o - a +0 short sword
 t - a +0 quarterstaff
Missiles
 c - 3 poisoned darts
 j - 44 stones
Armour
 e - a +0 robe (worn)
Jewellery
 m - a ring of ice
Scrolls
 d - a scroll of teleportation
 k - 3 scrolls of enchant weapon
 n - a scroll of amnesia
 s - a scroll of immolation
Potions
 b - a potion of magic
 g - a potion of haste
 h - a potion of curing {unknown}
 i - a potion of lignification {unknown}
 l - a potion of berserk rage
 q - 2 potions of mutation
 r - a potion of cancellation {unknown}
 u - a potion of flight {unknown}


   Skills:
 + Level 1.0 Fighting
 + Level 1.0 Short Blades
 + Level 2.5 Dodging
 + Level 3.2 Stealth
 + Level 3.9 Spellcasting
 + Level 2.4 Conjurations
 + Level 3.9 Fire Magic


You had 3 spell levels left.
You knew the following spells:

 Your Spells              Type           Power      Damage    Failure   Level
a - Foxfire               Conj/Fire      52%        2x1d6     4%          1
b - Scorch                Fire           30%        2d7       4%          2
c - Sandblast             Erth           6%         2d5       17%         1
d - Conjure Flame         Conj/Fire      13%        6-21      14%         3
e - Call Imp              Summ           3%         N/A       26%         2

Your spell library contained the following spells:

 Spells                   Type           Power      Damage    Failure   Level
 Magic Dart               Conj           40%        1d5       6%          1
 Beastly Appendage        Tmut           6%         N/A       17%         1
 Inner Flame              Hex/Fire       9%         N/A       22%         3
 Passwall                 Tmut/Erth      2%         N/A       26%         2
 Wereblood                Tmut           3%         N/A       26%         2
 Stone Arrow              Conj/Erth      14%        3d7       30%         3
 Mephitic Cloud           Conj/Pois/Air  5%         N/A       36%         3
 Call Canine Familiar     Summ           3%         N/A       45%         3
 Portal Projectile        Hex/Tloc       6%         N/A       45%         3
 Spider Form              Tmut/Pois      3%         N/A       45%         3
 Flame Wave               Conj/Fire      13%        2d6       41%         4
 Leda's Liquefaction      Hex/Erth       1%         N/A       86%         4


Dungeon Overview and Level Annotations

Branches:
Dungeon (4/15)             Temple (0/1) D:4

Altars:
Fedhas


Innate Abilities, Weirdness & Mutations

You have a pair of horns on your head.
You regenerate a little health from kills.
Spells you cast may paralyse nearby enemies.


Message History

The necrophage's fire resistance burns away.
Malevolent energies surge around you. The necrophage hits you.
You feel drained.
Casting: Scorch (safe; 4% risk of failure)
Confirm with . or Enter, or press ? or * to list all spells.
Flames lash the necrophage.
The necrophage is burned terribly!
The necrophage is moderately damaged.
Malevolent energies surge around you. The necrophage barely misses you.
Unknown command.
Casting: Scorch (safe; 4% risk of failure)
Confirm with . or Enter, or press ? or * to list all spells.
Flames lash the necrophage but do no damage.
Malevolent energies surge around you. The necrophage hits you.
Unknown command.
Casting: Scorch (safe; 4% risk of failure)
Confirm with . or Enter, or press ? or * to list all spells.
You conjure some foxfire!
Malevolent energies surge around you. The necrophage hits you.
You feel drained.
* * * LOW HITPOINT WARNING * * *
Unknown command.
Your foxfire dissipates!
The foxfire hits the necrophage.
The necrophage is heavily damaged.
The necrophage attacks as you move away!
The necrophage hits you.
* * * LOW HITPOINT WARNING * * *
You feel drained.
* * * LOW HITPOINT WARNING * * *
Casting: Foxfire (safe; 4% risk of failure)
Confirm with . or Enter, or press ? or * to list all spells.
Okay, then.
Unknown command.
Unknown command.
A red film seems to cover your vision as you go berserk!
You feel yourself moving faster!
You feel mighty! The necrophage hits you.
* * * LOW HITPOINT WARNING * * *
You closely miss the necrophage.
The necrophage is heavily damaged.
The necrophage hits you!
You die...

#.####........ .# #.# #........
.. #.# ##.######## .# #.#
#.......... .# #
####.###..#########.####.#
.......#.........#........
..<..#.#..######.#..)>...#
.#####.#..# ##.#).# .# ##.#..#
#.@n..# .####.....# #..#.##
<.........## #..#.#
.####...<..######################
># ##......##.....).)...........
.#####.#)...##..##.).#.†..####...
..........>..#.###...#.)..# ###)
.#####.#.##.##.###..##....#######
....)..#.##.##......###........##


You could see a necrophage (combustible).

Vanquished Creatures
  2 bullfrogs (D:4)
  A howler monkey (D:4)
  An orc priest (D:4)
  Jessica (D:2)
  5 gnolls (D:4)
  4 adders
  6 dart slugs
  15 orcs
  7 endoplasms
  4 giant cockroaches
  4 goblins
  11 hobgoblins
  4 jackals (D:4)
  8 kobolds
  4 quokkas
  2 ball pythons (D:4)
  7 bats
  A frilled lizard (D:1)
  3 rats
90 creatures vanquished.

Vanquished Creatures (others)
  138 foxfires
138 creatures vanquished.

Grand Total: 228 creatures vanquished

Notes
Turn   | Place    | Note
-------+----------+-------------------------------------------
     0 | D:1      | Eitelfritz the Demonspawn Fire Elementalist began the quest
                  | for the Orb.
     0 | D:1      | Reached XP level 1. HP: 13/13 MP: 3/3
   345 | D:1      | Found a faded altar of an unknown god.
   562 | D:1      | Gained mutation: Spells you cast may paralyse adjacent
                  | enemies. [demonic ancestry]
   562 | D:1      | Reached XP level 2. HP: 19/19 MP: 1/5
  1595 | D:1      | Learned a level 2 spell: Scorch
  1597 | D:1      | Learned a level 1 spell: Sandblast
  1725 | D:2      | Noticed Jessica
  1753 | D:2      | Killed Jessica
  1754 | D:2      | Gained mutation: You regenerate a little health from kills.
                  | [demonic ancestry]
  1754 | D:2      | Reached XP level 3. HP: 24/24 MP: 3/6
  2026 | D:2      | Gained mutation: Spells you cast may paralyse nearby
                  | enemies. [demonic ancestry]
  2026 | D:2      | Reached XP level 4. HP: 27/30 MP: 4/7
  2365 | D:2      | Learned a level 3 spell: Conjure Flame
  2679 | D:3      | Found a large runed translucent door.
  2680 | D:3      | Found a large runed translucent door.
  3339 | D:3      | Found a blossoming altar of Fedhas.
  3498 | D:4      | Gained mutation: You have a pair of small horns on your
                  | head. [demonic ancestry]
  3498 | D:4      | Reached XP level 5. HP: 36/36 MP: 9/9
  3870 | D:4      | Reached skill level 1 in Fighting
  3870 | D:4      | Gained mutation: You have a pair of horns on your head.
                  | [demonic ancestry]
  3870 | D:4      | Reached XP level 6. HP: 43/43 MP: 6/11
  3889 | D:4      | Learned a level 2 spell: Call Imp
  4253 | D:4      | Found a staircase to the Ecumenical Temple.
  4617 | D:4      | Reached skill level 1 in Short Blades
  4624 | D:4      | HP: 1/54 [necrophage (3)]
  4625 | D:4      | Mangled by a necrophage

Illustrated notes

Levels and vault maps discovered:
D:1:      giann_bridges, layout_basic, hellmonk_ecumenical_altar_blasted,
          serial_forest, infiniplex_forest_end_2, infiniplex_forest_straight_4,
          infiniplex_forest_end_3, infiniplex_forest_lined_3,
          infiniplex_forest_straight_2, infiniplex_forest_end_1,
          infiniplex_forest_lined_3, minmay_split_cup_large
D:2:      layout_rooms, minmay_circle_x, uniq_jessica
D:3:      layout_basic, jmf_multi_god_temple2
D:4:      minmay_recursive_quarters, layout_loops_ring,
          minmay_temple_entry_arrows

Skill      XL: |  1  2  3  4  5  6 |
---------------+-------------------+-----
Dodging        | 2 |  2.5
Fire Magic     | 3 |  3.9
Stealth        | 2 3 |  3.2
Spellcasting   | 3 |  3.9
Conjurations   | 2 |  2.4
Fighting       | 1 |  1.0
Short Blades   | 1 |  1.0

Action                   |  1- 3 |  4- 6 || total
-------------------------+-------+-------++-------
Melee: Unarmed           |     2 |       ||     2
       Dagger            |    20 |    43 ||    63
       Headbutt          |       |     5 ||     5
 Cast: Foxfire           |    31 |    53 ||    84
       Scorch            |     4 |    22 ||    26
       Sandblast         |       |     1 ||     1
  Use: Scroll            |       |     7 ||     7
       Potion            |       |     1 ||     1
 Stab: Sleeping          |     2 |     6 ||     8
       Paralysed         |     2 |    11 ||    13
Armor: Robe              |     1 |     7 ||     8
Dodge: Dodged            |    17 |    30 ||    47
